 Dungeon Crawl Stone Soup version 0.29-a0-721-g7f417c9bbb (webtiles) character file.

Game seed: 1399745572849141513

739 dolemite99 the Carver (level 7, -13/56 HPs)
             Began as a Minotaur Gladiator on June 28, 2022.
             Was an Initiate of Ashenzari.
             Mangled by a wyvern (16 damage)
             ... on level 6 of the Dungeon.
             The game lasted 00:08:25 (6288 turns).

dolemite99 the Carver (Minotaur Gladiator)          Turns: 6288, Time: 00:08:25

Health: -13/56     AC:  9    Str: 19    XL:     7   Next: 46%
Magic:  15/15      EV: 11    Int:  5    God:    Ashenzari [......]
Gold:   102        SH:  0    Dex: 13    Spells: 6/6 levels left

rFire   . . .      SeeInvis .   a - +0 long sword
rCold   . . .      Faith    .   (no shield)
rNeg    . . .      Spirit   .   g - +1 ring mail
rPois   +          Reflect  .   c - +1 hat
rElec   .          Harm     .   (no cloak)
rCorr   .          Rampage  .   (no gloves)
Will    .....                   k - +1 pair of boots
Stlth   +.........              (no amulet)
HPRegen 0.18/turn               f - ring of poison resistance
MPRegen 0.14/turn               i - ring of magical power

@: no status effects
A: horns 2, retaliatory headbutt
a: Renounce Religion, Curse Item


You were on level 6 of the Dungeon.
You worshipped Ashenzari.
Ashenzari was noncommittal.
You visited 2 branches of the dungeon, and saw 8 of its levels.

You collected 302 gold pieces.
You spent 200 gold pieces at shops.

Inventory:

Hand Weapons
 a - a +0 long sword (weapon)
 b - a +1 vorpal triple sword
 v - a +1 dagger of venom
Missiles
 d - 3 throwing nets
 e - a javelin
 j - 13 poisoned darts (quivered)
 s - 29 stones
Armour
 c - a +1 hat (worn)
 g - a +1 ring mail (worn)
 k - a +1 pair of boots (worn)
Jewellery
 f - a ring of poison resistance (left hand)
 i - a ring of magical power (right hand)
 q - a +6 ring of strength
Wands
 p - a wand of iceblast (3)
 w - a wand of light (17)
Scrolls
 h - a scroll of magic mapping
Potions
 l - 2 potions of brilliance
 m - 2 potions of resistance
 n - a potion of cancellation {unknown}
 o - a potion of attraction {unknown}
 r - a potion of ambrosia {unknown}
 t - a potion of berserk rage {unknown}
 u - a potion of flight {unknown}
 x - a potion of mutation {unknown}


   Skills:
 - Level 2.4 Fighting
 + Level 10.6 Long Blades
 - Level 2.0 Throwing
 - Level 3.2 Dodging


You had 6 spell levels left.
You didn't know any spells.
Your spell library contained the following spells:

 Spells                   Type           Power      Damage    Failure   Level
 Call Canine Familiar     Summ           0%         N/A       95%         3
 Portal Projectile        Hex/Tloc       0%         N/A       95%         3
 Leda's Liquefaction      Hex/Erth       0%         N/A       100%        4


Dungeon Overview and Level Annotations

Branches:
Dungeon (7/15)             Temple (1/1) D:5

Altars:
Ashenzari
Cheibriados
Elyvilon
Fedhas
Gozag
Kikubaaqudgha
Makhleb
Nemelex Xobeh
Qazlal
Sif Muna
Trog
Uskayaw
Vehumet
Wu Jian
Xom
Yredelemnul
Zin
The Shining One

Shops:
D:1 =   D:3 =   D:5 :

Annotations:
D:2 1 runed translucent door, Crazy Yiuf


Innate Abilities, Weirdness & Mutations

You have a pair of horns on your head.
You reflexively headbutt those who attack you in melee.


Message History

You climb downwards.
The wyvern hisses angrily.
Found 15 gold pieces and a fizzy dark potion.
Found a stone staircase leading down.
There is a stone staircase leading up here.
The wyvern bites you. The wyvern bites you.
You climb upwards.
There is a stone staircase leading down here.
You closely miss the wyvern. The wyvern closely misses you.
You closely miss the wyvern.
The wyvern bites you but does no damage.
You hit the wyvern. Your headbutt misses the wyvern.
The wyvern is lightly wounded.
The wyvern closely misses you. The wyvern barely misses you.
You hit the wyvern. Your punch misses the wyvern.
The wyvern is moderately wounded.
The wyvern bites you but does no damage.
You hit the wyvern.
The wyvern is heavily wounded.
The wyvern bites you!
You barely miss the wyvern.
The wyvern is heavily wounded.
The wyvern bites you! x2
You hit the wyvern.
The wyvern is heavily wounded.
The wyvern bites you!
* * * LOW HITPOINT WARNING * * *
You hit the wyvern.
The wyvern is severely wounded.
The wyvern barely misses you.
You barely miss the wyvern.
The wyvern is severely wounded.
The wyvern barely misses you. You furiously retaliate!
You headbutt the wyvern. The wyvern bites you!
* * * LOW HITPOINT WARNING * * *
You completely miss the wyvern.
The wyvern is almost dead.
The wyvern bites you!
You die...

###>......##
##..........#
##......(....#
##............##
##..............#
#...............#
##..............#
###............##
####.........@#
#..##.....l.#
#.########### ###


You could see a wyvern.

Vanquished Creatures
  An ice beast (D:4)
  A black bear (D:4)
  A phantom (D:4)
  2 scorpions
  A jelly (D:5)
  2 orc priests
  A hound (D:5)
  Jessica (D:2)
  2 orc wizards
  3 gnolls (D:5)
  3 adders
  2 ufetubi (D:5)
  A worm (D:2)
  4 dart slugs
  12 orcs
  5 bats
  6 endoplasms
  A giant cockroach (D:2)
  12 goblins
  10 hobgoblins
  2 jackals (D:3)
  3 quokkas
  7 ball pythons
  A frilled lizard (D:1)
  3 kobolds
  9 rats
96 creatures vanquished.

Notes
Turn   | Place    | Note
-------+----------+-------------------------------------------
     0 | D:1      | dolemite99 the Minotaur Gladiator began the quest for the
                  | Orb.
     0 | D:1      | Reached XP level 1. HP: 18/18 MP: 0/0
    91 | D:1      | Reached skill level 4 in Long Blades
   140 | D:1      | Reached XP level 2. HP: 25/25 MP: 1/1
   324 | D:1      | Found Mosunuy's One-of-a-Kind Rings.
   833 | D:1      | Identified a scroll of acquirement
   833 | D:1      | Acquired a +1 vorpal triple sword
   869 | D:1      | Reached skill level 5 in Long Blades
   934 | D:1      | Reached XP level 3. HP: 30/30 MP: 2/2
  2041 | D:2      | Reached skill level 6 in Long Blades
  2041 | D:2      | Reached XP level 4. HP: 33/37 MP: 3/3
  2190 | D:2      | Noticed Jessica
  2192 | D:2      | Killed Jessica
  2209 | D:2      | Found a runed translucent door.
  2210 | D:2      | Noticed Crazy Yiuf
  2768 | D:3      | Found Tupiliade's Jewellery Emporium.
  2985 | D:4      | Noticed a black bear
  3004 | D:4      | Killed a black bear
  3005 | D:4      | Reached skill level 7 in Long Blades
  3005 | D:4      | Reached XP level 5. HP: 42/42 MP: 4/4
  3038 | D:4      | Reached skill level 8 in Long Blades
  3219 | D:4      | Noticed a phantom
  3230 | D:4      | Killed a phantom
  3231 | D:4      | Reached XP level 6. HP: 38/50 MP: 5/5
  3645 | D:4      | Reached skill level 9 in Long Blades
  4391 | D:5      | Entered Level 5 of the Dungeon
  4393 | D:5      | Noticed an ice beast
  4409 | D:4      | Killed an ice beast
  4410 | D:4      | Reached XP level 7. HP: 40/56 MP: 6/6
  4659 | D:6      | Reached skill level 10 in Long Blades
  4774 | D:3      | Bought a ring of poison resistance for 200 gold pieces
  5069 | D:5      | Found a staircase to the Ecumenical Temple.
  5083 | Temple   | Entered the Ecumenical Temple
  5236 | Temple   | Became a worshipper of Ashenzari the Shackled
  6055 | D:5      | Found Rag Guat's Book Shoppe.
  6274 | D:7      | Noticed a wyvern
  6288 | D:6      | Mangled by a wyvern

Illustrated notes

Levels and vault maps discovered:
D:1:      tarquinn_simple_flora_water_e, layout_basic, nicolae_shop_unique_rings
D:2:      kennysheep_the_goblin_king, layout_rooms, kennysheep_generic_room_12,
          uniq_crazy_yiuf_cottage, uniq_jessica
D:3:      layout_basic, serial_shops, nicolae_shop_waterfront
D:4:      layout_loops_ring
D:5:      layout_basic, minmay_temple_entry_purple_smoke, serial_shops,
          kennysheep_little_box, nicolae_elevator_lobby_plus
D:6:      mumra_celtic_spiral_tile, layout_cave_pods,
          riverfiend_overflow_shadow_ancestor, serial_shops,
          nicolae_shop_advertising_works [nicolae_subvault_shop_adworks]
D:7:      layout_basic, roderic_roman_lattice
Temple:   regret_index_temple_chain_breaker

Skill      XL: |  1  2  3  4  5  6  7 |
---------------+----------------------+-----
Long Blades    | 4 5 6 7 8 9 10 | 10.6
Fighting       | |  2.4
Throwing       | |  2.0
Dodging        | |  3.2

Action                   |  1- 3 |  4- 6 |  7- 9 || total
-------------------------+-------+-------+-------++-------
Melee: Long sword        |    89 |   103 |    44 ||   236
       Headbutt          |    13 |    17 |     4 ||    34
Throw: Dart              |       |    22 |    10 ||    32
  Use: Scroll            |     3 |     9 |     3 ||    15
       Potion            |       |     2 |     2 ||     4
Armor: Leather armour    |     4 |       |       ||     4
       Ring mail         |    41 |    40 |    29 ||   110
       Skin              |       |    35 |       ||    35
Dodge: Dodged            |    74 |    56 |    36 ||   166

Table legend: (Time is in decaauts)
 A = Elapsed time spent in this place.
 B = Non-inter-level travel time spent in this place.
 C = Inter-level travel time spent in this place.
 D = Time resting spent in this place.
 E = Time spent auto-exploring this place.
 F = Levels seen in this place.
 G = Mean time per level.
                   A        B        C        D        E       F      G
               +--------+--------+--------+--------+--------+-----+--------+
         Total |   6300 |   5819 |    481 |   1847 |   2970 |   8 |  787.5 |
       Dungeon |   6136 |   5685 |    451 |   1839 |   2885 |   7 |  876.6 |
        Temple |    163 |    133 |     30 |      8 |     85 |   1 |  163.0 |
               +--------+--------+--------+--------+--------+-----+--------+

Top non-repeatable levels by time:
     D:4: 1745 daAuts
     D:1: 1356 daAuts
     D:5: 1166 daAuts
     D:2: 906 daAuts
     D:3: 874 daAuts
  Temple: 163 daAuts
     D:6: 84 daAuts
     D:7: 3 daAuts
